 Dungeon Crawl Stone Soup version 0.17.1-1-g73c8601 (webtiles) character file.

141934 Glider the Bludgeoner (level 17, -3/205 HPs)
             Began as an Ogre Fighter on Dec 21, 2015.
             Was a High Priest of Qazlal.
             Slain by a merfolk
             ... wielding a +0 trident
              (15 damage)
             ... on level 2 of the Shoals on Dec 22, 2015.
             The game lasted 02:47:47 (34169 turns).

Glider the Bludgeoner (Ogre Fighter)               Turns: 34169, Time: 02:47:47

Health: -3/205     AC: 18    Str: 31    XL:     17   Next: 34%
Magic:  21/26      EV: 15    Int:  6    God:    Qazlal [*****.]
Gold:   1780       SH: 30    Dex: 14    Spells: 0 memorised, 16 levels left

rFire  . . .     SeeInvis .     W - +4 morningstar (protect)
rCold  . . .     Clarity  +     P - +0 steam dragon armour
rNeg   . . .     SustAt   .     g - +2 large shield {reflect}
rPois  +         Gourm    .     y - +2 hat
rElec  .         Spirit   .     O - +0 cloak of Parts Unknown {rPois MR+ Stlth+}
rCorr  .         Warding  .     (gloves unavailable)
rMut   .         Stasis   .     (boots unavailable)
MR     +++..                    z - amulet of clarity
Stlth  +.........               w - ring of protection from magic
                                n - +5 ring of dexterity

@: about to teleport, protected from physical damage, repel missiles, extremely
resistant to hostile enchantments, very unstealthy
A: unfitting armour, robust 1, tough skin 1
a: Upheaval, Elemental Force, Disaster Area, Renounce Religion


You were on level 2 of the Shoals.
You worshipped Qazlal.
Qazlal was extremely pleased with you.
You were hungry.

You visited 5 branches of the dungeon, and saw 31 of its levels.
You also visited: Labyrinth.

You collected 3785 gold pieces.
You spent 1925 gold pieces at shops.

Inventory:

Hand Weapons
 k - a +4 giant club
 W - a +4 morningstar of protection (weapon)
Missiles
 i - 31 large rocks (quivered)
Armour
 g - a +2 large shield of reflection (worn)
 y - a +2 hat (worn)
 O - the +0 cloak of Parts Unknown (worn) {rPois MR+ Stlth+}
   (You bought it in a shop on level 8 of the Dungeon)

   It protects you from poison.
   It affects your resistance to hostile enchantments.
   It makes you more stealthy.
 P - a +0 steam dragon armour (worn)
Jewellery
 n - a +5 ring of dexterity (left hand)
 w - a ring of protection from magic (right hand)
 x - an uncursed amulet of faith
 z - an amulet of clarity (around neck)
 N - an uncursed ring of see invisible
Wands
 r - a wand of paralysis (8)
 s - a wand of digging (11)
 D - a wand of confusion (23)
 M - a wand of cold (7)
 Q - a wand of confusion (46)
Scrolls
 a - a scroll of holy word
 b - 10 scrolls of identify
 f - 4 scrolls of fear
 j - 8 scrolls of magic mapping
 l - 4 scrolls of enchant armour
 m - 11 scrolls of remove curse
 t - a scroll of immolation
 A - 6 scrolls of fog
 E - a scroll of silence
 F - 6 scrolls of teleportation
 H - 3 scrolls of recharging
 K - 5 scrolls of enchant weapon
 R - 2 scrolls of blinking
Potions
 d - 4 potions of might
 h - 6 potions of brilliance
 p - a potion of magic
 q - 5 potions of agility
 u - 12 potions of curing
 C - 4 potions of haste
 G - 3 potions of berserk rage {unknown}
 L - 2 potions of flight
 S - a potion of cure mutation
 X - a potion of invisibility
Miscellaneous
 o - a plain deck of wonders {drawn: 1}
 v - a plain deck of wonders {drawn: 2}
 B - a crystal ball of energy
Comestibles
 c - 2 meat rations
 e - 21 bread rations
 J - 2 fruits


   Skills:
 - Level 16.1 Fighting
 * Level 20.8 Maces & Flails
 - Level 1.1 Throwing
 * Level 6.2 Armour
 - Level 10.0 Dodging
 - Level 13.0 Shields
 - Level 13.2 Invocations


You had 16 spell levels left.
You didn't know any spells.

Dungeon Overview and Level Annotations

Branches:
Dungeon (15/15)            Temple (0/1) D:7            Lair (8/8) D:11
 Shoals (2/4) Lair:5        Snake (2/4) Lair:3        Slime (0/6) Lair:8
    Orc (4/4) D:10            Elf (0/3) Orc:4        Vaults (0/5) D:14
 Depths (0/5) D:15

Altars:
Ashenzari
Cheibriados
Elyvilon
Fedhas
Gozag
Kikubaaqudgha
Makhleb
Nemelex Xobeh
Okawaru
Qazlal
Ru
Sif Muna
Vehumet
Xom
Zin
Beogh
Jiyva

Shops:
D:6 !?::   D:8 *   Orc:2 !   Orc:4 (?[:   Shoals:1 (!   Snake:1 :

Annotations:
Lair:1 exclusion: oklob plant
Shoals:2 srt19170's ghost, adept MiBe
Snake:2 Nikola, Wiglaf


Innate Abilities, Weirdness & Mutations

You are too large for most types of armour.
You have tough skin (AC +1).
You are robust (+10% HP).


Message History

Your air elemental is engulfed in freezing vapours.
The merfolk hits you but does no damage.
The merfolk closely misses you.
You impale the griffon!!
The griffon is moderately wounded.
Your water elemental closely misses srt19170's ghost.
You block srt19170's ghost's attack.
Your air elemental hits srt19170's ghost but does no damage.
You block the griffon's attack. x2
The griffon claws you.
* * * LOW HITPOINT WARNING * * *
Your resistance to cold fades away.
You feel protected from physical attacks.
The water nymph touches you.
* * * LOW HITPOINT WARNING * * *
The water nymph drowns you!
* * * LOW HITPOINT WARNING * * *
You block the merfolk's attack.
The merfolk hits you from afar with a trident!
You die...

≈≈≈≈≈≈.....≈≈≈≈≈≈≈
≈≈≈≈≈≈.....≈≈≈≈≈≈≈
≈≈≈≈...≈....≈≈≈≈≈≈
≈≈≈≈≈§§....≈≈≈≈≈≈≈
≈≈≈≈§§§≈.≈≈≈≈≈≈≈≈≈
≈≈≈≈≈§§<.≈≈≈≈≈≈≈≈≈
≈≈≈≈≈≈§§.EE)≈≈≈≈≈≈
≈≈≈≈X§§§EEWm≈≈≈≈≈≈
≈≈≈m≈§§mH@mHY≈≈≈≈≈
≈≈≈≈§§§H###m≈≈≈≈≈≈
≈≈≈≈§≈≈≈. .≈≈≈...
≈≈≈§≈≈H≈≈ ≈≈.....
≈≈≈≈≈≈..≈ ≈≈..###
≈≈≈.≈≈. ≈≈..# ≈...
≈≈..# ≈≈≈≈.


You could see a griffon, 3 merfolk, a water nymph, 2 hippogriffs, a sheep,
srt19170's ghost, a friendly earth elemental, a friendly water elemental and 2
friendly air elementals.

Vanquished Creatures
  Rupert (Lair:7)
  A kraken (Shoals:1)
  Frances (D:13)
  Kirke (D:15)
  A greater naga (Snake:2)
  Donald (Orc:4)
  Maud (Lair:8)
  Aizul (Snake:1)
  Louise (D:15)
  Azrael (Orc:4)
  Snorg (D:13)
  A merfolk javelineer (Shoals:2)
  A minotaur (Lab)
  Josephine (D:13)
  A merfolk impaler (Shoals:1)
  A vault guard (D:14)
  2 hydras
  5 naga warriors
  An anaconda (Snake:1)
  A merfolk aquamancer (Shoals:1)
  A catoblepas (Lair:7)
  4 centaur warriors
  The ghost of Clownie the Cleaver, a journeyman FoFi of Elyvilon (D:10)
  6 slime creatures
  A shock serpent (Snake:1)
  7 death yaks
  9 orc high priests (Orc:4)
  3 naga sharpshooters
  4 skeletal warriors (D:12)
  A salamander mystic (Snake:2)
  4 unseen horrors
  6 sea snakes
  A naga ritualist (Snake:2)
  8 hill giants
  3 lindwurms (Lair:7)
  13 harpies (Shoals:1)
  A necromancer (Lair:2)
  3 fauns (Shoals:1)
  3 mana vipers
  2 orc sorcerers
  2 griffons
  A salamander (Snake:2)
  8 manticores
  4 cyclopes
  2 sirens (Shoals:1)
  2 ugly things
  20 black mambas
  3 water nymphs (Shoals:1)
  3 elephants (Lair:7)
  Maurice (D:13)
  2 gargoyles
  Psyche (D:8)
  A centaur skeleton (D:14)
  20 spiny frogs
  6 centaur zombies
  A torpor snail (Lair:6)
  3 komodo dragons
  An efreet (D:15)
  2 fire drakes (Lair:3)
  6 merfolk
  A polar bear (Lair:6)
  2 giant leeches (Lair:8)
  2 boulder beetles (Lair:4)
  5 trolls
  32 blink frogs
  4 snapping turtles (Shoals:1)
  A two-headed ogre (D:14)
  A trapdoor spider (Lab)
  A shadow (D:12)
  3 hogs (D:15)
  6 basilisks
  2 deep elf magi
  4 fire elementals (Orc:4)
  5 water elementals (Shoals:1)
  37 yaks
  11 vampire mosquitoes
  Grum (D:8)
  A deep elf fighter (D:15)
  7 wraiths
  A wyvern (D:15)
  2 mottled dragons
  6 wolves
  16 hippogriffs
  2 hungry ghosts (Lab)
  3 steam dragons
  22 water moccasins
  11 wargs
  13 nagas
  2 soldier ants
  2 hell hounds (Orc:4)
  Duvessa (D:4)
  A swamp drake (D:10)
  3 ice beasts
  2 wasps
  17 orc warriors
  3 phantoms
  4 sky beasts
  16 porcupines
  3 black bears
  22 centaurs
  5 necrophages (D:8)
  16 ogres
  The ghost of Musteatbrain the Skirmisher, an amateur DsFi (D:3)
  An eye of draining (D:10)
  14 crocodiles
  A wyvern zombie (D:13)
  2 big kobolds
  A brain worm (D:13)
  Dowan (D:4)
  32 giant frogs
  A water moccasin zombie (D:8)
  4 scorpions
  4 wights (D:11)
  14 killer bees
  6 electric eels
  8 crimson imps
  2 jellies (D:11)
  A quasit (D:9)
  10 hounds
  6 giant frog skeletons
  44 orc priests
  25 orc wizards
  A gnoll shaman (Orc:4)
  4 yak simulacra (Lair:2)
  12 hell rats
  9 iguanas
  10 worker ants
  18 sheep
  3 polar bear simulacra (Lair:2)
  A wolf simulacrum (Lair:2)
  A hound zombie (D:8)
  3 hound skeletons
  9 adders
  3 worker ant zombies
  68 river rats
  16 gnolls
  3 shadow imps
  2 oozes
  An adder zombie (D:8)
  7 worms
  6 giant geckos
  182 orcs
  11 goblins
  7 hobgoblins
  11 jackals
  9 quokkas
  3 ball pythons (Lair:3)
  10 bats
  4 giant cockroaches
  A giant cockroach zombie (D:6)
  2 giant gecko skeletons
  3 giant newts
  16 kobolds
  A quokka skeleton (D:6)
  2 quokka zombies
  24 rats
  3 river rat simulacra (Lair:2)
  2 bushes (D:8)
  55 fungi
  52 plants
  6 tentacles
  2 tentacle segments
1255 creatures vanquished.

Vanquished Creatures (collateral kills)
  A black mamba (Snake:2)
  A spiny frog (Lair:4)
  A blink frog (Lair:7)
  A boulder beetle (Lair:4)
  A naga (Snake:2)
  An orc (Orc:4)
6 creatures vanquished.

Vanquished Creatures (others)
  A shock serpent (Snake:2)
  A naga sharpshooter (Snake:1)
  A lindwurm (Lair:7)
  A cyclops (Shoals:1)
  A faun (Shoals:1)
  A griffon (Shoals:2)
  2 blink frogs (Lair:7)
  A deep elf fighter (D:15)
  2 humans (D:15)
  A hell hound (Orc:4)
  A centaur (D:15)
  A gnoll (D:15)
  6 orcs
  7 fungi
  12 plants
  12 tentacles
  681 tentacle segments
732 creatures vanquished.

Grand Total: 1993 creatures vanquished

Notes
Turn   | Place    | Note
--------------------------------------------------------------
     0 | D:1      | Glider the Ogre Fighter began the quest for the Orb.
     0 | D:1      | Reached XP level 1. HP: 24/24 MP: 1/1
   227 | D:1      | Reached XP level 2. HP: 30/32 MP: 2/2
   511 | D:1      | Found a sparkling altar of Nemelex Xobeh.
   608 | D:2      | Found a white marble altar of Elyvilon.
   663 | D:2      | Reached XP level 3. HP: 25/40 MP: 3/3
   962 | D:2      | Reached skill level 1 in Throwing
  1245 | D:2      | Reached XP level 4. HP: 49/49 MP: 4/4
  1868 | D:3      | Reached skill level 5 in Fighting
  1891 | D:3      | Reached XP level 5. HP: 39/57 MP: 5/5
  2042 | D:3      | Noticed Musteatbrain's ghost (amateur DsFi)
  2799 | D:4      | Reached skill level 11 in Fighting
  2799 | D:4      | Reached XP level 6. HP: 59/83 MP: 6/6
  3133 | D:4      | Found an opulent altar of Gozag.
  3163 | D:4      | Reached skill level 12 in Fighting
  3174 | D:4      | Reached XP level 7. HP: 86/91 MP: 7/7
  3216 | D:4      | Noticed Dowan
  3217 | D:4      | Noticed Duvessa
  3229 | D:4      | Killed Duvessa
  3234 | D:4      | Killed Dowan
  3663 | D:5      | Entered Level 5 of the Dungeon
  3749 | D:3      | Killed Musteatbrain's ghost
  4095 | D:3      | Found a deep blue altar of Sif Muna.
  4100 | D:3      | Found a stormy altar of Qazlal.
  4107 | D:3      | Became a worshipper of Qazlal Stormbringer
  4117 | D:3      | Found a snail-covered altar of Cheibriados.
  4124 | D:3      | Found a radiant altar of Vehumet.
  4129 | D:3      | Found a sacrificial altar of Ru.
  4136 | D:3      | Found an ancient bone altar of Kikubaaqudgha.
  4141 | D:3      | Found a shimmering altar of Xom.
  4444 | D:5      | Reached XP level 8. HP: 63/98 MP: 5/8
  5006 | D:6      | Reached * piety under Qazlal
  5029 | D:6      | Found Cisugebb's Magic Scroll Emporium.
  5034 | D:6      | Bought a scroll of enchant armour for 82 gold pieces
  5034 | D:6      | Bought a scroll of teleportation for 33 gold pieces
  5175 | D:6      | Found Kieng's Distillery.
  5189 | D:6      | Bought a potion of agility for 52 gold pieces
  5189 | D:6      | Bought a potion of flight for 39 gold pieces
  5252 | D:6      | Reached skill level 13 in Maces & Flails
  5407 | D:6      | Found Empatoe's Book Shoppe.
  5491 | D:6      | Found a shattered altar of Ashenzari.
  5535 | D:6      | Reached XP level 9. HP: 106/106 MP: 9/9
  5557 | D:6      | Found Olehieq's Book Shop.
  5584 | D:6      | Reached ** piety under Qazlal
  5626 | D:6      | Found a glowing silver altar of Zin.
  5626 | D:6      | Found a burning altar of Makhleb.
  5627 | D:6      | Noticed a cacodemon
  5627 | D:6      | Noticed an angel
  5838 | D:7      | Found a staircase to the Ecumenical Temple.
  6477 | D:8      | Noticed Psyche
  6482 | D:8      | Killed Psyche
  6482 | D:8      | Reached skill level 14 in Maces & Flails
  6586 | D:8      | Found Izarghi's General Store.
  6646 | D:8      | Noticed Grum
  6661 | D:8      | HP: 1/106 [wolf[Grum] (6)]
  7105 | D:8      | Killed Grum
  7105 | D:8      | Reached XP level 10. HP: 79/115 MP: 10/10
  7106 | D:8      | Reached skill level 5 in Dodging
  7571 | D:8      | Found a blossoming altar of Fedhas.
  7601 | D:8      | Reached *** piety under Qazlal
  7662 | D:8      | Bought the cursed +0 cloak of Parts Unknown {rPois MR+ Stlth+} for 274 gold pieces
  8209 | D:9      | Reached skill level 15 in Maces & Flails
  8800 | D:10     | Entered Level 10 of the Dungeon
  8855 | D:10     | Reached **** piety under Qazlal
  8922 | D:10     | Noticed Clownie's ghost (journeyman FoFi)
  9336 | D:10     | Noticed a hill giant
  9372 | D:11     | Found a labyrinth entrance.
  9381 | Lab      | Entered a labyrinth
  9710 | Lab      | Reached XP level 11. HP: 119/124 MP: 11/11
  9745 | Lab      | Noticed a minotaur
  9751 | Lab      | Killed a minotaur
 10065 | D:11     | Noticed a cyclops
 10094 | D:11     | Killed a cyclops
 10094 | D:11     | Reached skill level 1 in Invocations
 10115 | D:11     | Reached skill level 5 in Shields
 10177 | D:11     | Noticed a cyclops
 10211 | D:11     | Killed a cyclops
 10409 | D:11     | Found a staircase to the Lair.
 10418 | D:11     | Killed an unseen horror
 10418 | D:11     | Reached skill level 16 in Maces & Flails
 10453 | D:11     | Found an iron altar of Okawaru.
 10723 | D:11     | Noticed a hill giant
 10732 | D:11     | Killed a hill giant
 10732 | D:11     | Reached skill level 5 in Invocations
 10768 | D:11     | Reached ***** piety under Qazlal
 11601 | D:12     | Reached XP level 12. HP: 136/136 MP: 17/17
 11681 | D:12     | Noticed an unseen horror
 11684 | D:12     | Killed an unseen horror
 12044 | D:12     | Noticed a skeletal warrior
 12052 | D:12     | Killed a skeletal warrior
 12056 | D:12     | Noticed a skeletal warrior
 12056 | D:12     | Noticed a skeletal warrior
 12056 | D:12     | Noticed a skeletal warrior
 12071 | D:12     | Killed a skeletal warrior
 12078 | D:12     | Killed a skeletal warrior
 12087 | D:12     | Killed a skeletal warrior
 12429 | D:12     | Reached skill level 10 in Invocations
 12751 | D:13     | Noticed Josephine
 12764 | D:13     | Killed Josephine
 13242 | D:13     | Noticed Snorg
 13258 | D:13     | Reached XP level 13. HP: 122/144 MP: 22/22
 13263 | D:13     | Killed Snorg
 13568 | D:13     | Noticed Frances
 13579 | D:13     | Killed Frances
 13652 | D:13     | Noticed Maurice
 13660 | D:13     | Killed Maurice
 14399 | D:13     | Reached skill level 1 in Armour
 14797 | D:13     | Found a shimmering altar of Xom.
 15059 | D:10     | Noticed a hill giant
 15069 | D:10     | Killed a hill giant
 15099 | D:10     | Killed a hill giant
 15112 | D:10     | Killed Clownie's ghost
 15275 | D:10     | Found a staircase to the Orcish Mines.
 15801 | Lair:1   | Entered Level 1 of the Lair of Beasts
 15824 | Lair:1   | Reached skill level 17 in Maces & Flails
 16458 | Lair:1   | Got a blackened falchion
 16521 | Lair:1   | Identified the +3 falchion of Execution {freeze, rC+} (You found it on level 1 of the Lair of Beasts)
 17168 | Lair:2   | Reached XP level 14. HP: 157/157 MP: 23/23
 17573 | Lair:2   | Reached ****** piety under Qazlal
 18385 | Lair:3   | Found a staircase to the Snake Pit.
 19443 | Lair:4   | Reached skill level 18 in Maces & Flails
 19976 | Lair:4   | Got a brightly glowing quarterstaff
 19977 | Lair:4   | Identified the +7 quarterstaff "Impbane" {elec, +Fly} (You found it on level 4 of the Lair of Beasts)
 20786 | Lair:5   | Found a staircase to the Shoals.
 21941 | Lair:7   | Reached skill level 15 in Fighting
 22304 | Lair:6   | Reached skill level 10 in Dodging
 23229 | Lair:7   | Identified a +1 rod of clouds (14/14) (You found it on level 5 of the Lair of Beasts)
 23234 | Lair:7   | Gained mutation: You are robust (+10% HP). [potion of beneficial mutation]
 23287 | Lair:7   | Reached XP level 15. HP: 183/183 MP: 24/24
 23305 | Lair:7   | Noticed Rupert
 23315 | Lair:7   | Killed Rupert
 23315 | Lair:7   | Reached skill level 19 in Maces & Flails
 23662 | Lair:7   | Identified a scroll of acquirement
 24115 | Lair:7   | Got a dazzling dire flail
 24143 | Lair:7   | Identified the cursed +1 dire flail of Tumult {pain, MR- Str+7 Int+3} (You found it on level 7 of the Lair of Beasts)
 24172 | Lair:8   | Entered Level 8 of the Lair of Beasts
 24187 | Lair:8   | Noticed Maud
 24206 | Lair:8   | Killed Maud
 25119 | Lair:8   | Found a staircase to the Slime Pits.
 25120 | Lair:8   | Found a viscous altar of Jiyva.
 25559 | Orc:1    | Entered Level 1 of the Orcish Mines
 25905 | Orc:2    | Found Bogufitzic's Distillery.
 25948 | Orc:2    | Bought a potion of invisibility for 80 gold pieces
 25998 | Orc:2    | Found a deep blue altar of Sif Muna.
 26168 | Orc:2    | Found a roughly hewn altar of Beogh.
 26703 | Orc:1    | Found an iron altar of Okawaru.
 27356 | Orc:4    | Entered Level 4 of the Orcish Mines
 27738 | Orc:4    | Found a staircase to the Elven Halls.
 27783 | Orc:4    | Noticed Azrael
 27814 | Orc:4    | Killed Azrael
 28247 | Orc:4    | Noticed Donald
 28262 | Orc:4    | Killed Donald
 28266 | Orc:4    | Found a burning altar of Makhleb.
 28336 | Orc:4    | Found Liuts's Antique Armour Shoppe.
 28336 | Orc:4    | Found Cuilithest's Book Boutique.
 28626 | Orc:4    | Reached skill level 10 in Shields
 28867 | Orc:4    | Found Hyurph's Weapon Shoppe.
 28867 | Orc:4    | Found Beovaas's Magic Scroll Boutique.
 28891 | Orc:4    | Found a roughly hewn altar of Beogh.
 28923 | Orc:4    | Bought a steaming fire dragon armour for 1365 gold pieces
 28933 | Orc:4    | Identified the +0 fire dragon armour of Daffodils {rF++ rC- Int+3} (You bought it in a shop on level 4 of the Orcish Mines)
 29392 | D:14     | Reached XP level 16. HP: 196/196 MP: 25/25
 29550 | D:14     | Found a gate to the Vaults.
 29724 | D:14     | Found a roughly hewn altar of Beogh.
 29830 | D:15     | Entered Level 15 of the Dungeon
 29841 | D:15     | Noticed Kirke
 29842 | D:15     | Noticed Louise
 29915 | D:15     | Killed Kirke
 29987 | D:15     | Found a staircase to the Depths.
 30002 | D:15     | Killed Louise
 30253 | D:15     | HP: 5/196 [fire giant/fireball (19)]
 30843 | Snake:1  | Entered Level 1 of the Snake Pit
 30899 | Snake:1  | Drew Focus: Str increased to 31, Int decreased to 6
 31020 | Snake:1  | Reached skill level 5 in Armour
 31027 | Snake:1  | Found Veuggaug's Book Shoppe.
 31436 | Snake:2  | Noticed Aizul
 31442 | Snake:2  | Noticed Wiglaf
 31478 | Snake:1  | Killed Aizul
 32069 | Snake:2  | Noticed Nikola
 32252 | Shoals:1 | Entered Level 1 of the Shoals
 32590 | Shoals:1 | Reached XP level 17. HP: 205/205 MP: 26/26
 32645 | Shoals:1 | Noticed a kraken
 32660 | Shoals:1 | Killed a kraken
 32705 | Shoals:1 | Reached skill level 20 in Maces & Flails
 32996 | Shoals:1 | Found Duesim's Antique Weapon Shoppe.
 33201 | Shoals:1 | Found Dugif's Distillery.
 34143 | Shoals:2 | Noticed srt19170's ghost (adept MiBe)
 34163 | Shoals:2 | HP: 10/205 [water nymph/the raging water (18)]
 34169 | Shoals:2 | Slain by a merfolk

Action                   |  1- 3 |  4- 6 |  7- 9 | 10-12 | 13-15 | 16-18 || total
-------------------------+-------+-------+-------+-------+-------+-------++-------
Melee: Flail             |   107 |   139 |   108 |       |       |       ||   354
       Giant club        |       |       |    54 |       |       |       ||    54
       Giant spiked club |       |       |   106 |   210 |       |       ||   316
       Morningstar       |       |       |       |   356 |   628 |   664 ||  1648
       Dire flail        |       |       |       |       |   966 |       ||   966
       Great mace        |       |       |       |       |    11 |       ||    11
Throw: Stone             |    20 |     2 |       |       |       |       ||    22
       Large rock        |       |     4 |       |       |       |     1 ||     5
Invok: Upheaval          |       |       |       |       |    24 |     2 ||    26
       Elemental Force   |       |       |       |       |     3 |     4 ||     7
Evoke: Deck              |       |       |       |       |       |     3 ||     3
  Use: Scroll            |       |     5 |    15 |     8 |    13 |     5 ||    46
       Potion            |       |     1 |       |       |     3 |     8 ||    12
 Stab: Sleeping          |       |       |     1 |       |       |       ||     1
       Fleeing           |       |       |       |       |     1 |       ||     1
       Petrified         |       |       |       |       |     4 |       ||     4
       Invisible         |       |       |       |       |       |     3 ||     3
  Eat: Chunk             |     1 |     7 |    11 |    19 |    50 |    10 ||    98
       Beef jerky        |       |       |       |     2 |       |       ||     2
       Pizza             |       |       |       |     1 |     1 |       ||     2
       Fruit             |       |       |       |       |     1 |       ||     1
       Meat ration       |       |       |       |       |       |     1 ||     1
